 Dungeon Crawl Stone Soup version 0.30.0-10-gfe55d96785 (webtiles) character file.

Game seed: 7123019271223420527

128 BillyBaka the Magician (level 5, -5/40 HPs)
             Began as a Gnoll Wanderer on May 12, 2023.
             Slain by an iguana (10 damage)
             ... on level 4 of the Dungeon on May 13, 2023.
             The game lasted 00:13:55 (3360 turns).

BillyBaka the Magician (Gnoll Wanderer)             Turns: 3360, Time: 00:13:56

Health: -5/40      AC:  3    Str:  8    XL:     5   Next: 11%
Magic:  12/14      EV: 13    Int: 18    God:
Gold:   123        SH:  0    Dex: 10    Spells: 17/18 levels left

rFire   . . .        r - +0 short sword
rCold   . . .        (no shield)
rNeg    . . .        d - +0 robe
rPois   .            (no helmet)
rElec   .            (no cloak)
rCorr   .            b - +0 pair of gloves
SInv    .            (no boots)
Will    .....        (no amulet)
Stlth   ++           (no ring)
HPRegen 0.26/turn    (no ring)
MPRegen 0.14/turn

%: no passive effects
@: no status effects
A: fangs 1, strong nose, distributed training
a: no special abilities


You were on level 4 of the Dungeon.
You visited 1 branch of the dungeon, and saw 4 of its levels.

You collected 123 gold pieces.

Inventory:

Hand Weapons
 r - a +0 short sword (weapon)
Armour
 b - a +0 pair of gloves (worn)
 d - a +0 robe (worn)
Scrolls
 e - 2 scrolls of fog
 f - 2 scrolls of poison {unknown}
 g - 3 scrolls of blinking {unknown}
 k - 2 scrolls of teleportation {unknown}
 m - 4 scrolls of identify {unknown}
 n - a scroll of magic mapping {unknown}
 o - a scroll of amnesia {unknown}
 q - a scroll of silence {unknown}
Potions
 a - a potion of haste {unknown}
 c - a potion of berserk rage
 h - 2 potions of invisibility {unknown}
 i - a potion of resistance {unknown}
 j - a potion of attraction {unknown}
 l - a potion of mutation {unknown}
 p - a potion of curing {unknown}


   Skills:
 + Level 2.9 Fighting
 + Level 1.4 Short Blades
 + Level 1.4 Long Blades
 + Level 1.4 Axes
 + Level 1.4 Maces & Flails
 + Level 1.4 Polearms
 + Level 1.4 Staves
 + Level 1.4 Ranged Weapons
 + Level 4.7 Throwing
 + Level 2.9 Armour
 + Level 4.7 Dodging
 + Level 1.4 Stealth
 + Level 1.4 Shields
 + Level 1.4 Unarmed Combat
 + Level 7.3 Spellcasting
 + Level 1.1 Conjurations
 + Level 1.1 Hexes
 + Level 1.1 Summonings
 + Level 1.1 Necromancy
 + Level 1.1 Translocations
 + Level 1.1 Transmutations
 + Level 1.1 Fire Magic
 + Level 1.1 Ice Magic
 + Level 1.1 Air Magic
 + Level 1.1 Earth Magic
 + Level 1.1 Poison Magic
 + Level 1.6 Invocations
 + Level 1.4 Evocations


You had 17 spell levels left.
You knew the following spells:

 Your Spells              Type           Power      Damage    Failure   Level
a - Foxfire               Conj/Fire      40%        2x1d6     7%          1

Your spell library contained the following spells:

 Spells                   Type           Power      Damage    Failure   Level
 Apportation              Tloc           20%        N/A       7%          1
 Summon Small Mammal      Summ           40%        N/A       7%          1
 Call Canine Familiar     Summ           10%        N/A       21%         3
 Frozen Ramparts          Ice            20%        1d4       21%         3
 Gell's Gravitas          Tloc           10%        N/A       21%         3
 Ignite Poison            Fire/Tmut/Pois 10%        N/A       21%         3
 Summon Guardian Golem    Hex/Summ       10%        N/A       21%         3
 Ice Form                 Ice/Tmut       10%        N/A       54%         4
 Summon Ice Beast         Ice/Summ       10%        N/A       54%         4


Dungeon Overview and Level Annotations

Branches:
Dungeon (4/15)
 Temple: D:4-7

Altars:

Shops:
D:1 *


Innate Abilities, Weirdness & Mutations

You have very sharp teeth.
Your uncanny sense of smell can sniff out nearby items.
Your experience applies equally to all skills.


Message History

You hit the iguana but do no damage.
The iguana is moderately wounded.
The iguana bites you but does no damage.
You hit the iguana but do no damage.
The iguana is moderately wounded.
The iguana closely misses you.
You hit the iguana.
The iguana is moderately wounded.
The iguana barely misses you.
You closely miss the iguana.
The iguana is moderately wounded.
The iguana bites you but does no damage.
You closely miss the iguana. You bite the iguana, but do no damage.
The iguana is moderately wounded.
The iguana bites you.
You hit the iguana. You punch the iguana, but do no damage.
The iguana is moderately wounded.
The iguana closely misses you.
You barely miss the iguana.
The iguana is moderately wounded.
The iguana closely misses you.
You hit the iguana but do no damage.
The iguana is moderately wounded.
The iguana barely misses you.
You completely miss the iguana.
The iguana is moderately wounded.
The iguana bites you.
You barely miss the iguana.
The iguana is moderately wounded.
The iguana bites you!
You closely miss the iguana.
The iguana is moderately wounded.
The iguana bites you but does no damage.
The iguana attacks as you move away! The iguana bites you!
* * * LOW HITPOINT WARNING * * *
You are too injured to fight recklessly!
Casting: Foxfire (safe; 7% risk of failure)
Confirm with . or Enter, or press ? or * to list all spells.
You conjure some foxfire!
The iguana bites you!
You die...

##.##...#'####
#.####.#...#
.. #.###.# .#.
#.....####.# .
###..........#
........######
#..#.........#
....^....###v#
..##.....# #@#
. #.....# #l#
#.....# #.# ∆
#####.# #.#
#.# #.......#
<.# #########


You could see an iguana (ally target).

Vanquished Creatures
  5 adders
  An ufetubus (D:3)
  A worm (D:2)
  3 dart slugs
  2 orcs (D:3)
  7 endoplasms
  3 giant cockroaches
  5 goblins
  5 hobgoblins
  2 jackals (D:2)
  3 quokkas
  8 ball pythons
  5 bats
  6 frilled lizards
  6 kobolds
  5 rats
67 creatures vanquished.

Vanquished Creatures (others)
  67 foxfires
67 creatures vanquished.

Grand Total: 134 creatures vanquished

Notes
Turn   | Place    | Note
-------+----------+-------------------------------------------
     0 | D:1      | BillyBaka the Gnoll Wanderer began the quest for the Orb.
     0 | D:1      | BillyBaka set off with the following items: a +0 dagger, a
                  | +0 pair of gloves, a potion of berserk rage, a +0 robe, a
                  | scroll of fog; and the following spells available to
                  | memorise: Apportation, Foxfire, Gell's Gravitas, Ignite
                  | Poison.
     0 | D:1      | Reached XP level 1. HP: 17/17 MP: 8/8
    32 | D:1      | Found Omanau's General Store.
    42 | D:1      | Learned a level 1 spell: Foxfire
   157 | D:1      | Reached XP level 2. HP: 16/23 MP: 8/10
  1274 | D:2      | Reached XP level 3. HP: 6/28 MP: 8/11
  1412 | D:2      | Reached skill level 1 in Invocations
  1653 | D:2      | Reached skill level 1 in Short Blades
  1653 | D:2      | Reached skill level 1 in Long Blades
  1653 | D:2      | Reached skill level 1 in Axes
  1653 | D:2      | Reached skill level 1 in Maces & Flails
  1653 | D:2      | Reached skill level 1 in Polearms
  1653 | D:2      | Reached skill level 1 in Staves
  1653 | D:2      | Reached skill level 1 in Ranged Weapons
  1653 | D:2      | Reached skill level 1 in Stealth
  1653 | D:2      | Reached skill level 1 in Shields
  1653 | D:2      | Reached skill level 1 in Unarmed Combat
  1653 | D:2      | Reached skill level 1 in Evocations
  1819 | D:2      | Reached XP level 4. HP: 23/34 MP: 13/13
  1819 | D:2      | Upgraded the game from 0.30.0-5-g1a98f26d00 to
                  | 0.30.0-10-gfe55d96785
  2329 | D:3      | Reached skill level 1 in Conjurations
  2329 | D:3      | Reached skill level 1 in Hexes
  2329 | D:3      | Reached skill level 1 in Summonings
  2329 | D:3      | Reached skill level 1 in Necromancy
  2329 | D:3      | Reached skill level 1 in Translocations
  2329 | D:3      | Reached skill level 1 in Transmutations
  2329 | D:3      | Reached skill level 1 in Fire Magic
  2329 | D:3      | Reached skill level 1 in Ice Magic
  2329 | D:3      | Reached skill level 1 in Air Magic
  2329 | D:3      | Reached skill level 1 in Earth Magic
  2329 | D:3      | Reached skill level 1 in Poison Magic
  3020 | D:3      | Reached XP level 5. HP: 32/40 MP: 14/14
  3360 | D:4      | Slain by an iguana

Illustrated notes

Levels and vault maps discovered:
D:1:      saegor_arrival_simple_e, layout_basic, serial_shops, shop,
          nicolae_concentric_dashed_squares_wild, glass_columns_a
D:2:      layout_basic
D:3:      layout_basic, kennysheep_generic_room_5
D:4:      layout_basic, grunt_gozag_breadcrumbs

Skill      XL: |  1  2  3  4 |
---------------+-------------+-----
Invocations    | 1 |  1.6
Short Blades   | 1 |  1.4
Long Blades    | 1 |  1.4
Axes           | 1 |  1.4
Maces & Flails | 1 |  1.4
Polearms       | 1 |  1.4
Staves         | 1 |  1.4
Ranged Weapons | 1 |  1.4
Stealth        | 1 |  1.4
Shields        | 1 |  1.4
Unarmed Combat | 1 |  1.4
Evocations     | 1 |  1.4
Conjurations   | 1 |  1.1
Hexes          | 1 |  1.1
Summonings     | 1 |  1.1
Necromancy     | 1 |  1.1
Translocations | 1 |  1.1
Transmutations | 1 |  1.1
Fire Magic     | 1 |  1.1
Ice Magic      | 1 |  1.1
Air Magic      | 1 |  1.1
Earth Magic    | 1 |  1.1
Poison Magic   | 1 |  1.1
Fighting       | |  2.9
Throwing       | |  4.7
Armour         | |  2.9
Dodging        | |  4.7
Spellcasting   | |  7.3

Action                     |  1- 3 |  4- 6 || total
---------------------------+-------+-------++-------
  Melee: Dagger            |    51 |   160 ||   211
         Bite              |     7 |    16 ||    23
         Punch             |     1 |     6 ||     7
         Short sword       |       |    15 ||    15
  Throw: Boomerang         |       |     5 ||     5
   Cast: Foxfire           |    44 |    13 ||    57
   Stab: Sleeping          |       |     2 ||     2
 Armour: Robe              |    15 |    51 ||    66
  Dodge: Dodged            |    37 |   160 ||   197
